 Dungeon Crawl Stone Soup version 0.31.0-11-ge490571c62 (webtiles) character file.

Game seed: 12893339639387122787

634 Xpym the Digger (level 7, 6/46 HPs)
             Began as a Human Earth Elementalist on Jan 25, 2024.
             Quit the game on level 6 of the Dungeon on Jan 26, 2024.
             The game lasted 00:38:06 (1579 turns).

Xpym the Digger (Human Earth Elementalist)          Turns: 1579, Time: 00:38:07

Health: 6/46       AC:  4    Str:  8    XL:     7   Next: 49%
Magic:  3/11       EV: 12    Int: 18    God:
Gold:   167        SH:  0    Dex: 13    Spells: 5/12 levels left

rFire   + + .        o - +0 whip (elec)
rCold   + . .        (no shield)
rNeg    . . .        a - +2 robe
rPois   .            (no helmet)
rElec   .            d - scarf {rC+ rF+}
rCorr   .            (no gloves)
SInv    .            (no boots)
Will    .....        (no amulet)
Stlth   ++           (no ring)
HPRegen 0.27/turn    (no ring)
MPRegen 0.12/turn

%: no passive effects
@: seriously poisoned (6 -> 2)
A: explore regen, talons 1, fire resistance 1
a: no special abilities


You were on level 6 of the Dungeon.
You visited 1 branch of the dungeon, and saw 7 of its levels.
You also visited: Sewer.

You collected 167 gold pieces.


Innate Abilities, Weirdness & Mutations

You regain HP and MP as you explore.
You have sharp toenails.
Your flesh is heat resistant. (rF+)


   Skills:
 - Level 2.0 Dodging
 - Level 2.0 Stealth
 + Level 3.3 Spellcasting
 + Level 3.3 Conjurations
 - Level 7.0 Earth Magic
 + Level 1.1 Evocations


You had 5 spell levels left.
You knew the following spells:

 Your Spells              Type           Power      Damage    Failure   Level
a - Passwall              Erth           28%        N/A       2%          3
w - Stone Arrow           Conj/Erth      42%        3d9       5%          3
z - Sandblast             Erth           56%        2d13      1%          1

Your spell library contained the following spells:

 Spells                   Type           Power      Damage    Failure   Level
 Brom's Barrelling Bould  Conj/Erth      21%        2d4       19%         4
 Petrify                  Alch/Erth      15%        N/A       36%         4

Inventory:

Hand Weapons
 e - a +0 dagger of electrocution
 o - a +0 whip of electrocution (weapon)
Armour
 a - a +2 robe (worn)
 d - a scarf of resistance (worn)
 r - a +0 ring mail
Magical Staves
 k - a staff of death
Wands
 h - a wand of light (10)
Scrolls
 c - a scroll of enchant armour
 f - a scroll of acquirement {unknown}
 i - a scroll of immolation
 m - a scroll of blinking
 n - a scroll of teleportation {unknown}
Potions
 b - 2 potions of magic
 j - 3 potions of mutation
 l - 4 potions of brilliance

Dungeon Overview and Level Annotations

Branches:
Dungeon (7/15)              Sewer (visited)
 Temple: D:4-7

Altars:

Shops:
D:4 [ D:5

( .......# # #### .#....# #
##... #.....## ## #..... ###
#......###. #..... #.#
#......#...
#.....###.####..........
#......#.....#..........
#.....................
#../..#...{@.............#..
......#....o[#.##.......##..
#..........)....#...........
#...........................
#............##..........##
##......)......#............
............##...#..........
#......<..##. ##............
.............c#..>..........


You could see an orc.


Message History

You feel better.
The orc wizard hits you but does no damage.
You are poisoned.
Something hits you but does no damage. The orc barely misses you.
You regained 7 hp, and now have 22/46 hp.
Aiming: Bolt of Light
Press: ? - help, Shift-Dir - straight line, f/p - orc wizard
Aim: an orc wizard, wielding a +2 dagger of venom and wearing a +0 robe (severely wounded, 64% to hit)
The bolt of light hits the orc wizard!
You kill the orc wizard!
You feel very sick. The orc barely misses you. Something hits you.
* * * LOW HITPOINT WARNING * * *
Your Evocations skill increases to level 1!
You take 6 damage, and have 16/46 hp.
It was a potion of attraction.
You feel attractive to monsters.
You feel sick. Something barely misses you. The orc barely misses you.
The orc is attracted toward you.
It was a potion of cancellation.
Your magical effects are unravelling.
You feel magically purged.
You feel sick. The orc hits you with a +0 trident!
* * * LOW HITPOINT WARNING * * *
Something hits you.
* * * LOW HITPOINT WARNING * * *
You feel less attractive to monsters.
You take 10 damage, and have 6/46 hp.
MASSIVE DAMAGE!!
Welcome back, Xpym the Human Earth Elementalist.
Press ? for a list of commands and other information.
Are you sure you want to abandon this character and quit the game? (Confirm with "yes".)

Skill      XL: |  1  2  3  4  5  6  7 |
---------------+----------------------+-----
Spellcasting   | 3 |  3.3
Earth Magic    | 4 5 6 7 |  7.0
Conjurations   | 2 3 |  3.3
Evocations     | 1 |  1.1
Dodging        | |  2.0
Stealth        | |  2.0

Action                     |  1- 3 |  4- 6 |  7- 9 || total
---------------------------+-------+-------+-------++-------
  Melee: Unarmed           |     9 |       |       ||     9
         Whip              |       |    15 |    11 ||    26
         Quarterstaff      |       |     5 |       ||     5
         Kick              |       |       |     2 ||     2
   Cast: Sandblast         |    53 |    91 |    23 ||   167
         Passwall          |     3 |     8 |     2 ||    13
         Stone Arrow       |       |     4 |     2 ||     6
  Evoke: Wand              |       |       |     1 ||     1
    Use: Scroll            |     1 |     7 |       ||     8
         Potion            |     1 |     1 |     4 ||     6
 Armour: Robe              |    15 |    45 |    31 ||    91
  Dodge: Dodged            |    13 |    54 |    24 ||    91

Levels and vault maps discovered:
D:1:      mainiacjoe_arrival_oval_in_oval, layout_loops_corners
D:2:      layout_loops_corners
D:3:      layout_loops_corners, gup_sewer_entry_glass,
          chequers_serial_rivers_small_3, uniq_terence, uniq_grinder
D:4:      layout_basic, serial_shops, nicolae_square_shop
D:5:      layout_basic, serial_shops, nicolae_stop_n_shop_2,
          ebering_ghost_reflecting_pool, uniq_menkaure
D:6:      layout_cave_pools
D:7:      layout_loops_cross, minmay_temple_entry_from_below_a, st_stairs_2,
          uniq_prince_ribbit1, uniq_jeremiah

Notes
Turn   | Place    | Note
-------+----------+-------------------------------------------
     0 | D:1      | Xpym the Human Earth Elementalist began the quest for the
                  | Orb.
     0 | D:1      | Reached XP level 1. HP: 13/13 MP: 3/3
    37 | D:1      | Identified a scarf of resistance
    80 | D:1      | Reached XP level 2. HP: 19/19 MP: 1/5
   272 | D:2      | Reached XP level 3. HP: 24/24 MP: 2/6
   276 | D:2      | Learned a level 3 spell: Passwall
   533 | D:3      | Found a glowing drain.
   545 | D:3      | Learned a level 3 spell: Stone Arrow
   587 | Sewer    | Entered a sewer
   628 | Sewer    | Noticed a kobold brigand
   632 | Sewer    | Killed a kobold brigand
   633 | Sewer    | Reached skill level 3 in Spellcasting
   633 | Sewer    | Reached skill level 4 in Earth Magic
   633 | Sewer    | Reached skill level 2 in Conjurations
   633 | Sewer    | Reached XP level 4. HP: 30/30 MP: 2/8
   668 | Sewer    | Reached skill level 3 in Conjurations
   668 | Sewer    | Reached XP level 5. HP: 35/35 MP: 4/9
  1082 | D:4      | Reached skill level 5 in Earth Magic
  1082 | D:4      | Reached XP level 6. HP: 39/41 MP: 0/10
  1149 | D:5      | Entered Level 5 of the Dungeon
  1149 | D:5      | Noticed a water moccasin
  1195 | D:5      | Found Fehicza's Antique Weapon Boutique.
  1233 | D:5      | Gained mutation: You have sharp toenails. [potion of
                  | mutation]
  1233 | D:5      | Gained mutation: Your flesh is heat resistant. (rF+)
                  | [potion of mutation]
  1244 | D:4      | Reached skill level 6 in Earth Magic
  1320 | D:4      | Found Maitaw's Armour Emporium.
  1371 | D:5      | Reached XP level 7. HP: 39/46 MP: 2/11
  1406 | D:5      | Reached skill level 7 in Earth Magic
  1577 | D:6      | Reached skill level 1 in Evocations
  1579 | D:6      | Upgraded the game from 0.31.0-10-gcf4a605ca0 to
                  | 0.31.0-11-ge490571c62
  1579 | D:6      | Quit the game

Vanquished Creatures
  An ogre (D:4)
  A phantom (D:5)
  A kobold brigand (Sewer)
  A howler monkey (D:6)
  A bombardier beetle (D:4)
  A jelly (D:7)
  An orc priest (D:5)
  An iguana (D:4)
  2 orc wizards (D:6)
  7 adders
  A river rat (Sewer)
  A white imp (D:6)
  3 dart slugs
  3 ribbon worms
  9 orcs
  3 ball pythons
  10 endoplasms
  6 giant cockroaches
  5 goblins
  5 hobgoblins
  17 jackals
  A quokka (D:2)
  3 bats
  5 frilled lizards
  6 kobolds
  5 rats
100 creatures vanquished.

Table legend: (Time is in decaauts)
 A = Elapsed time spent in this place.
 B = Non-inter-level travel time spent in this place.
 C = Inter-level travel time spent in this place.
 D = Time resting spent in this place.
 E = Time spent auto-exploring this place.
 F = Levels seen in this place.
 G = Mean time per level.
                   A        B        C        D        E       F      G
               +--------+--------+--------+--------+--------+-----+--------+
         Total |   1731 |   1667 |     64 |      0 |      0 |   8 |  216.4 |
       Dungeon |   1399 |   1335 |     64 |      0 |      0 |   7 |  199.9 |
         Sewer |    332 |    332 |      0 |      0 |      0 |   1 |  332.0 |
               +--------+--------+--------+--------+--------+-----+--------+

Top non-repeatable levels by time:
     D:2: 370 daAuts
   Sewer: 332 daAuts
     D:4: 327 daAuts
     D:3: 256 daAuts
     D:1: 172 daAuts
     D:5: 137 daAuts
     D:6: 130 daAuts
     D:7: 4 daAuts

Table legend:
 A = Non-vault XP
 B = Vault XP
 C = Vault XP percentage of total XP
 D = Non-vault monster count
 E = Vault monster count
 F = Vault count percentage of total count
                 A         B        C        D         E       F
            +---------+---------+-------+---------+---------+-------
      Total |     727 |     179 |  19.8 |      79 |      21 |  21.0
            +---------+---------+-------+---------+---------+-------
        D:1 |      18 |       0 |   0.0 |      11 |       0 |   0.0
        D:2 |      30 |       0 |   0.0 |      16 |       0 |   0.0
        D:3 |      35 |       6 |  14.6 |      14 |       3 |  17.6
        D:4 |     269 |       0 |   0.0 |      20 |       0 |   0.0
        D:5 |     179 |       0 |   0.0 |       8 |       0 |   0.0
        D:6 |     153 |       0 |   0.0 |       9 |       0 |   0.0
        D:7 |      43 |       0 |   0.0 |       1 |       0 |   0.0
      Sewer |       0 |     173 | 100.0 |       0 |      18 | 100.0
            +---------+---------+-------+---------+---------+-------
